[ AOE2 MATCH · #485643226 ]
UnrankedMongols vs Huns
[ REPLAY ANALYSIS · EXTRACTED FROM THE RECORDED GAME ]
Feudal
13:12
Castle
16:59
Imperial
43:26
| APM avg | 34.3 |
| APM peak | 61 |
| eAPM avg | 26.7 |
| Villagers / military | 247 / 243 |
Focus
⚔️ 42.0% · 🌾 58.0%
Camel Scout ×87 · Skirmisher ×81 · Knight ×27 · Spearman ×13 · Steppe Lancer ×13 · Mangudai ×12
Feudal
12:28
Castle
16:01
Imperial
45:33
| APM avg | 42.4 |
| APM peak | 92 |
| eAPM avg | 28.2 |
| Villagers / military | 199 / 121 |
Focus
⚔️ 44.5% · 🌾 55.5%
Knight ×91 · Conquistador ×22 · Mangonel ×5 · Battering Ram ×1 · Scout Cavalry ×1 · Trebuchet (Packed) ×1
Feudal
12:29
Castle
23:53
Imperial
42:43
| APM avg | 48.6 |
| APM peak | 116 |
| eAPM avg | 28.6 |
| Villagers / military | 190 / 201 |
Focus
⚔️ 22.4% · 🌾 77.6%
Knight ×148 · Scout Cavalry ×46 · Monk ×4 · Trebuchet (Packed) ×2 · Petard ×1
Feudal
12:58
Castle
16:36
Imperial
38:39
| APM avg | 60.8 |
| APM peak | 117 |
| eAPM avg | 36.8 |
| Villagers / military | 289 / 355 |
Focus
⚔️ 42.7% · 🌾 57.3%
Knight ×194 · Scout Cavalry ×49 · Skirmisher ×41 · Monaspa ×36 · Hand Cannoneer ×24 · Trebuchet (Packed) ×9
Feudal
11:18
Castle
22:41
Imperial
37:40
| APM avg | 38.6 |
| APM peak | 83 |
| eAPM avg | 19.2 |
| Villagers / military | 169 / 89 |
Focus
⚔️ 46.1% · 🌾 53.9%
Unknown (2579) ×212 · Spearman ×54 · Unknown (2582) ×46 · Battering Ram ×35 · Unknown (2550) ×3
Feudal
12:18
Castle
23:57
Imperial
39:17
| APM avg | 29.8 |
| APM peak | 54 |
| eAPM avg | 16.7 |
| Villagers / military | 136 / 170 |
Focus
⚔️ 36.4% · 🌾 63.6%
Archer ×113 · Battle Elephant ×40 · Trebuchet (Packed) ×7 · Knight ×4 · Spearman ×2 · Skirmisher ×2
Match map
Initial resources + every placement click. Lines = walls · curves = elevation contours. ◆ gold · ⬟ stone · ● berries · ✦ relic · ◌ wall gap
Your base· Open — 15t gap
|FMG| TINCHO's base· Open — unwalled flank
[KMNB] Soldado Raso's base· Open — unwalled flank
FMG | Rxon's base· Open — 13t gap
Fs.Khronos's base· Open — unwalled flank
[KMNB] Dedão's base· Open — 3t gap
Smoothed initial terrain · ◌ = detected wall gap · hover for details
Inputs per minute
— |FMG| twitch/JabsUY - - |FMG| TINCHO
Build order — |FMG| twitch/JabsUY
First 150 of 701 actions detected
| 0:07 | Build | Town Center |
| 2:05 | Build | House |
| 2:17 | Create | Villager (Male) |
| 2:17 | Create | Villager (Male) |
| 2:18 | Create | Villager (Male) |
| 2:18 | Create | Villager (Male) |
| 2:18 | Create | Villager (Male) |
| 3:43 | Create | Villager (Male) |
| 3:44 | Create | Villager (Male) |
| 4:02 | Build | House |
| 4:17 | Create | Villager (Male) |
| 4:17 | Create | Villager (Male) |
| 4:18 | Create | Villager (Male) |
| 4:54 | Create | Villager (Male) |
| 4:54 | Create | Villager (Male) |
| 4:54 | Create | Villager (Male) |
| 4:55 | Create | Villager (Male) |
| 5:11 | Build | Lumber Camp |
| 5:27 | Create | Villager (Male) |
| 5:27 | Create | Villager (Male) |
| 5:43 | Create | Villager (Male) |
| 5:43 | Create | Villager (Male) |
| 5:55 | Create | Villager (Male) |
| 5:56 | Create | Villager (Male) |
| 5:56 | Create | Villager (Male) |
| 6:08 | Build | House |
| 6:54 | Create | Villager (Male) |
| 6:54 | Create | Villager (Male) |
| 6:55 | Create | Villager (Male) |
| 7:05 | Create | Villager (Male) |
| 7:05 | Create | Villager (Male) |
| 7:30 | Build | Mill |
| 7:53 | Create | Villager (Male) |
| 7:53 | Create | Villager (Male) |
| 8:00 | Create | Villager (Male) |
| 8:01 | Create | Villager (Male) |
| 9:01 | Build | House |
| 9:47 | Research | Loom |
| 9:47 | Research | Feudal Age |
| 9:52 | Build | Mining Camp |
| 11:26 | Build | House |
| 13:12 | Age | Feudal Age |
| 13:18 | Build | Market |
| 13:23 | Build | Blacksmith |
| 13:29 | Create | Villager (Male) |
| 13:29 | Create | Villager (Male) |
| 13:38 | Build | House |
| 14:16 | Research | Castle Age |
| 14:23 | Build | Palisade Gate |
| 14:27 | Build | House |
| 14:28 | Build | Palisade Wall |
| 14:33 | Research | Double-Bit Axe |
| 16:20 | Build | Palisade Wall |
| 16:22 | Build | Palisade Wall |
| 16:24 | Build | Palisade Wall |
| 16:27 | Build | Palisade Wall |
| 16:48 | Build | Barracks |
| 16:59 | Age | Castle Age |
| 16:59 | Create | Villager (Male) |
| 16:59 | Create | Villager (Male) |
| 17:14 | Research | Bow Saw |
| 17:21 | Create | Spearman |
| 17:21 | Create | Spearman |
| 17:26 | Create | Villager (Male) |
| 17:36 | Build | Town Center |
| 17:48 | Create | Villager (Male) |
| 17:51 | Create | Spearman |
| 18:07 | Build | Palisade Wall |
| 18:08 | Build | Palisade Wall |
| 18:08 | Build | Palisade Wall |
| 18:13 | Create | Villager (Male) |
| 18:31 | Build | Town Center |
| 18:52 | Create | Spearman |
| 19:02 | Create | Villager (Male) |
| 19:19 | Create | Villager (Male) |
| 19:20 | Create | Villager (Male) |
| 19:20 | Create | Villager (Male) |
| 19:24 | Create | Villager (Male) |
| 19:24 | Create | Villager (Male) |
| 19:36 | Create | Villager (Male) |
| 19:36 | Create | Villager (Male) |
| 20:09 | Create | Villager (Male) |
| 20:10 | Create | Villager (Male) |
| 20:29 | Create | Villager (Male) |
| 20:30 | Create | Villager (Male) |
| 20:36 | Create | Villager (Male) |
| 20:36 | Create | Villager (Male) |
| 20:45 | Create | Villager (Male) |
| 20:45 | Create | Villager (Male) |
| 21:06 | Create | Villager (Male) |
| 21:06 | Create | Villager (Male) |
| 21:15 | Create | Villager (Male) |
| 21:15 | Create | Villager (Male) |
| 21:15 | Create | Villager (Male) |
| 21:37 | Create | Villager (Male) |
| 21:37 | Create | Villager (Male) |
| 21:38 | Create | Villager (Male) |
| 21:43 | Build | House |
| 21:43 | Build | House |
| 21:44 | Build | House |
| 21:48 | Create | Villager (Male) |
| 21:56 | Create | Villager (Male) |
| 21:56 | Create | Villager (Male) |
| 22:03 | Build | Town Center |
| 22:06 | Create | Villager (Male) |
| 22:06 | Create | Villager (Male) |
| 22:10 | Build | House |
| 22:11 | Build | House |
| 22:20 | Create | Villager (Male) |
| 22:20 | Create | Villager (Male) |
| 22:37 | Create | Villager (Male) |
| 22:37 | Create | Villager (Male) |
| 22:55 | Create | Villager (Male) |
| 22:55 | Create | Villager (Male) |
| 23:00 | Create | Villager (Male) |
| 23:01 | Create | Villager (Male) |
| 23:13 | Create | Villager (Male) |
| 23:13 | Create | Villager (Male) |
| 23:20 | Create | Villager (Male) |
| 23:27 | Build | Town Center |
| 23:38 | Create | Villager (Male) |
| 23:38 | Create | Villager (Male) |
| 23:39 | Create | Villager (Male) |
| 23:39 | Create | Villager (Male) |
| 23:39 | Create | Villager (Male) |
| 24:12 | Build | Town Center |
| 24:19 | Create | Villager (Male) |
| 24:19 | Create | Villager (Male) |
| 24:19 | Create | Villager (Male) |
| 24:22 | Build | Farm |
| 24:22 | Build | Farm |
| 24:23 | Build | Farm |
| 24:30 | Create | Villager (Male) |
| 24:30 | Create | Villager (Male) |
| 24:45 | Create | Villager (Male) |
| 24:46 | Create | Villager (Male) |
| 24:54 | Build | Farm |
| 25:07 | Build | Mill |
| 25:13 | Create | Villager (Male) |
| 25:13 | Create | Villager (Male) |
| 25:17 | Create | Villager (Male) |
| 25:17 | Create | Villager (Male) |
| 25:17 | Create | Villager (Male) |
| 25:18 | Create | Villager (Male) |
| 25:18 | Create | Villager (Male) |
| 25:18 | Create | Villager (Male) |
| 25:23 | Build | Farm |
| 25:24 | Build | Farm |
| 25:25 | Build | Farm |
| 25:29 | Build | Farm |
Build order — |FMG| TINCHO
First 150 of 560 actions detected
| 0:21 | Build | Town Center |
| 2:23 | Create | Villager (Male) |
| 2:23 | Create | Villager (Male) |
| 2:25 | Create | Villager (Male) |
| 2:26 | Build | House |
| 2:26 | Create | Villager (Male) |
| 3:43 | Create | Villager (Male) |
| 3:45 | Create | Villager (Male) |
| 4:06 | Build | House |
| 4:17 | Create | Villager (Male) |
| 4:37 | Build | Lumber Camp |
| 4:39 | Create | Villager (Male) |
| 5:04 | Create | Villager (Male) |
| 6:03 | Create | Villager (Male) |
| 6:03 | Create | Villager (Male) |
| 6:07 | Create | Villager (Male) |
| 6:13 | Create | Villager (Male) |
| 6:37 | Build | House |
| 6:54 | Build | Mill |
| 7:03 | Create | Villager (Male) |
| 7:03 | Create | Villager (Male) |
| 7:51 | Create | Villager (Male) |
| 7:56 | Create | Villager (Male) |
| 8:44 | Create | Villager (Male) |
| 8:46 | Build | House |
| 9:25 | Create | Villager (Male) |
| 9:56 | Research | Feudal Age |
| 11:08 | Create | Villager (Male) |
| 11:08 | Research | Loom |
| 12:28 | Age | Feudal Age |
| 12:29 | Build | Market |
| 12:32 | Build | Blacksmith |
| 13:06 | Build | House |
| 13:21 | Research | Castle Age |
| 13:55 | Build | Mining Camp |
| 14:52 | Build | Palisade Wall |
| 15:30 | Create | Villager (Male) |
| 16:01 | Age | Castle Age |
| 16:05 | Build | Castle |
| 16:12 | Build | Palisade Wall |
| 16:14 | Build | Palisade Wall |
| 16:15 | Build | Palisade Wall |
| 16:17 | Build | Palisade Wall |
| 16:21 | Create | Villager (Male) |
| 16:31 | Build | Palisade Wall |
| 16:32 | Build | Palisade Wall |
| 16:35 | Build | Palisade Wall |
| 16:36 | Build | Palisade Wall |
| 16:39 | Build | Palisade Wall |
| 17:09 | Create | Conquistador |
| 17:10 | Create | Conquistador |
| 17:15 | Create | Conquistador |
| 17:43 | Create | Villager (Male) |
| 17:51 | Create | Conquistador |
| 17:57 | Create | Villager (Male) |
| 17:58 | Create | Villager (Male) |
| 17:58 | Create | Villager (Male) |
| 18:20 | Create | Villager (Male) |
| 18:38 | Research | Town Watch |
| 19:19 | Create | Conquistador |
| 19:29 | Create | Conquistador |
| 19:48 | Create | Villager (Male) |
| 20:00 | Create | Villager (Male) |
| 20:14 | Create | Conquistador |
| 20:28 | Build | Town Center |
| 20:39 | Create | Conquistador |
| 21:07 | Build | Farm |
| 21:19 | Create | Conquistador |
| 21:19 | Create | Conquistador |
| 21:19 | Create | Villager (Male) |
| 21:20 | Create | Villager (Male) |
| 21:20 | Create | Villager (Male) |
| 21:56 | Create | Villager (Male) |
| 22:11 | Create | Conquistador |
| 22:14 | Create | Villager (Male) |
| 22:32 | Build | House |
| 22:32 | Build | Palisade Wall |
| 22:39 | Create | Conquistador |
| 23:11 | Create | Villager (Male) |
| 23:12 | Create | Villager (Male) |
| 23:18 | Create | Villager (Male) |
| 23:19 | Create | Villager (Male) |
| 24:03 | Create | Villager (Male) |
| 24:03 | Create | Villager (Male) |
| 24:50 | Create | Villager (Male) |
| 24:52 | Build | Siege Workshop |
| 25:01 | Create | Villager (Male) |
| 25:02 | Create | Villager (Male) |
| 25:03 | Create | Villager (Male) |
| 25:14 | Build | Palisade Wall |
| 25:26 | Create | Mangonel |
| 25:30 | Create | Villager (Male) |
| 26:02 | Create | Villager (Male) |
| 26:12 | Create | Villager (Male) |
| 26:18 | Build | Town Center |
| 26:26 | Create | Villager (Male) |
| 26:37 | Create | Villager (Male) |
| 26:39 | Create | Villager (Male) |
| 26:54 | Create | Villager (Male) |
| 27:01 | Create | Villager (Male) |
| 27:16 | Create | Villager (Male) |
| 27:21 | Create | Villager (Male) |
| 27:34 | Create | Villager (Male) |
| 27:46 | Create | Villager (Male) |
| 28:17 | Create | Mangonel |
| 28:18 | Create | Villager (Male) |
| 28:23 | Create | Villager (Male) |
| 28:24 | Create | Villager (Male) |
| 28:33 | Create | Battering Ram |
| 28:52 | Build | Town Center |
| 29:01 | Create | Villager (Male) |
| 29:04 | Create | Villager (Male) |
| 29:21 | Build | Town Center |
| 29:35 | Create | Villager (Male) |
| 29:36 | Create | Villager (Male) |
| 29:38 | Create | Villager (Male) |
| 29:41 | Create | Villager (Male) |
| 29:56 | Create | Conquistador |
| 29:56 | Create | Conquistador |
| 30:16 | Build | Town Center |
| 30:21 | Create | Mangonel |
| 30:23 | Create | Villager (Male) |
| 30:58 | Create | Villager (Male) |
| 31:09 | Create | Conquistador |
| 31:54 | Build | Farm |
| 32:08 | Create | Villager (Male) |
| 32:19 | Create | Villager (Male) |
| 32:31 | Create | Mangonel |
| 32:48 | Create | Villager (Male) |
| 32:51 | Create | Villager (Male) |
| 32:56 | Research | Wheelbarrow |
| 32:56 | Create | Villager (Male) |
| 33:06 | Build | House |
| 33:26 | Create | Villager (Male) |
| 33:32 | Build | Town Center |
| 33:35 | Create | Conquistador |
| 33:39 | Create | Villager (Male) |
| 34:05 | Create | Conquistador |
| 34:10 | Create | Conquistador |
| 34:14 | Create | Mangonel |
| 34:14 | Create | Villager (Male) |
| 34:16 | Create | Villager (Male) |
| 34:32 | Create | Villager (Male) |
| 34:41 | Create | Villager (Male) |
| 34:45 | Build | Mining Camp |
| 35:00 | Build | Town Center |
| 35:15 | Create | Villager (Male) |
| 35:16 | Create | Villager (Male) |
| 35:18 | Create | Villager (Male) |
| 35:29 | Create | Villager (Male) |
Build order — [KMNB] Soldado Raso
First 150 of 539 actions detected
| 0:31 | Build | Town Center |
| 2:34 | Create | Villager (Male) |
| 2:34 | Create | Villager (Male) |
| 2:34 | Create | Villager (Male) |
| 2:35 | Create | Villager (Male) |
| 4:08 | Create | Villager (Male) |
| 4:26 | Create | Villager (Male) |
| 4:44 | Create | Villager (Male) |
| 5:10 | Build | Lumber Camp |
| 5:19 | Create | Villager (Male) |
| 5:39 | Create | Villager (Male) |
| 6:08 | Create | Villager (Male) |
| 6:08 | Create | Villager (Male) |
| 6:09 | Create | Villager (Male) |
| 6:40 | Create | Villager (Male) |
| 7:02 | Research | Loom |
| 7:02 | Create | Villager (Male) |
| 7:03 | Create | Villager (Male) |
| 7:57 | Create | Villager (Male) |
| 7:57 | Create | Villager (Male) |
| 7:58 | Create | Villager (Male) |
| 8:07 | Create | Villager (Male) |
| 8:07 | Create | Villager (Male) |
| 8:16 | Create | Villager (Male) |
| 8:22 | Build | Mill |
| 8:36 | Create | Villager (Male) |
| 8:57 | Create | Villager (Male) |
| 10:19 | Research | Feudal Age |
| 10:46 | Build | Barracks |
| 11:13 | Build | Palisade Gate |
| 11:20 | Build | Palisade Wall |
| 11:21 | Build | Palisade Wall |
| 11:26 | Build | Palisade Wall |
| 11:33 | Create | Villager (Male) |
| 11:33 | Create | Villager (Male) |
| 11:45 | Create | Villager (Male) |
| 11:45 | Create | Villager (Male) |
| 12:29 | Age | Feudal Age |
| 12:33 | Build | Stable |
| 12:38 | Build | Palisade Wall |
| 13:02 | Research | Double-Bit Axe |
| 13:08 | Create | Villager (Male) |
| 13:19 | Create | Scout Cavalry |
| 13:19 | Create | Scout Cavalry |
| 13:19 | Create | Scout Cavalry |
| 13:37 | Build | Blacksmith |
| 13:43 | Create | Villager (Male) |
| 13:51 | Create | Villager (Male) |
| 13:52 | Create | Scout Cavalry |
| 14:02 | Research | Horse Collar |
| 14:04 | Create | Villager (Male) |
| 14:19 | Research | Forging |
| 14:39 | Create | Villager (Male) |
| 14:44 | Build | Farm |
| 14:47 | Build | Farm |
| 14:48 | Create | Villager (Male) |
| 14:49 | Create | Villager (Male) |
| 14:58 | Build | Farm |
| 15:18 | Create | Villager (Male) |
| 15:18 | Create | Villager (Male) |
| 15:23 | Build | Farm |
| 15:23 | Create | Villager (Male) |
| 15:30 | Build | Farm |
| 15:41 | Create | Scout Cavalry |
| 16:42 | Create | Scout Cavalry |
| 16:43 | Create | Scout Cavalry |
| 16:48 | Create | Villager (Male) |
| 16:53 | Build | Farm |
| 16:53 | Build | Farm |
| 16:54 | Build | Farm |
| 16:54 | Build | Farm |
| 16:54 | Build | Farm |
| 16:56 | Create | Villager (Male) |
| 18:03 | Build | Mining Camp |
| 18:04 | Create | Villager (Male) |
| 18:05 | Create | Villager (Male) |
| 18:13 | Create | Scout Cavalry |
| 18:17 | Create | Scout Cavalry |
| 18:41 | Create | Scout Cavalry |
| 18:54 | Research | Scale Barding Armor |
| 19:20 | Create | Villager (Male) |
| 19:20 | Create | Villager (Male) |
| 19:23 | Build | Market |
| 19:55 | Create | Villager (Male) |
| 19:55 | Create | Villager (Male) |
| 20:59 | Build | Stable |
| 21:13 | Research | Castle Age |
| 21:34 | Create | Villager (Male) |
| 21:49 | Research | Gold Mining |
| 22:24 | Create | Scout Cavalry |
| 22:31 | Research | Bloodlines |
| 22:35 | Build | Stable |
| 22:44 | Build | Farm |
| 22:44 | Build | Farm |
| 22:44 | Build | Farm |
| 22:45 | Build | Farm |
| 22:47 | Create | Villager (Male) |
| 22:51 | Create | Scout Cavalry |
| 23:53 | Age | Castle Age |
| 23:56 | Build | Town Center |
| 23:59 | Create | Knight |
| 23:59 | Create | Knight |
| 24:00 | Create | Knight |
| 24:07 | Research | Bow Saw |
| 24:22 | Create | Villager (Male) |
| 24:23 | Create | Knight |
| 24:28 | Create | Villager (Male) |
| 24:49 | Create | Knight |
| 24:51 | Create | Villager (Male) |
| 25:03 | Research | Chain Barding Armor |
| 25:06 | Create | Villager (Male) |
| 25:19 | Build | Town Center |
| 25:20 | Create | Knight |
| 25:27 | Create | Villager (Male) |
| 25:37 | Create | Villager (Male) |
| 25:55 | Research | Heavy Plow |
| 26:04 | Create | Knight |
| 26:10 | Create | Villager (Male) |
| 26:10 | Create | Villager (Male) |
| 26:18 | Create | Villager (Male) |
| 26:18 | Create | Villager (Male) |
| 26:18 | Create | Villager (Male) |
| 26:19 | Create | Villager (Male) |
| 26:19 | Create | Villager (Male) |
| 26:28 | Build | Mill |
| 26:31 | Create | Villager (Male) |
| 26:32 | Create | Villager (Male) |
| 26:41 | Research | Wheelbarrow |
| 26:42 | Create | Knight |
| 26:53 | Create | Knight |
| 26:56 | Create | Villager (Male) |
| 27:08 | Create | Knight |
| 27:23 | Create | Knight |
| 27:26 | Create | Villager (Male) |
| 27:43 | Create | Villager (Male) |
| 27:44 | Create | Villager (Male) |
| 27:47 | Create | Knight |
| 27:54 | Research | Husbandry |
| 28:10 | Create | Knight |
| 28:11 | Create | Knight |
| 28:25 | Create | Knight |
| 28:49 | Create | Knight |
| 28:49 | Create | Knight |
| 28:58 | Create | Villager (Male) |
| 28:58 | Create | Villager (Male) |
| 28:59 | Create | Villager (Male) |
| 28:59 | Create | Villager (Male) |
| 28:59 | Create | Villager (Male) |
| 29:00 | Create | Villager (Male) |
| 29:04 | Build | Mining Camp |
Build order — FMG | Rxon
First 150 of 827 actions detected
| 0:19 | Build | Town Center |
| 2:28 | Create | Villager (Male) |
| 2:29 | Create | Villager (Male) |
| 2:29 | Create | Villager (Male) |
| 2:29 | Create | Villager (Male) |
| 2:30 | Build | House |
| 3:21 | Create | Villager (Male) |
| 3:47 | Build | House |
| 3:59 | Build | House |
| 4:03 | Build | House |
| 4:12 | Create | Villager (Male) |
| 4:29 | Create | Villager (Male) |
| 5:06 | Build | House |
| 5:09 | Build | House |
| 5:12 | Create | Villager (Male) |
| 5:27 | Create | Villager (Male) |
| 5:36 | Create | Villager (Male) |
| 6:01 | Build | House |
| 6:12 | Build | House |
| 6:18 | Create | Villager (Male) |
| 6:26 | Create | Villager (Male) |
| 6:47 | Create | Villager (Male) |
| 6:57 | Create | Villager (Male) |
| 7:46 | Create | Villager (Male) |
| 8:01 | Build | House |
| 8:09 | Create | Villager (Male) |
| 8:30 | Build | Mill |
| 8:36 | Create | Villager (Male) |
| 9:07 | Build | House |
| 9:33 | Create | Villager (Male) |
| 9:52 | Create | Villager (Male) |
| 10:01 | Research | Feudal Age |
| 10:06 | Create | Villager (Male) |
| 10:07 | Research | Feudal Age |
| 10:39 | Build | House |
| 11:15 | Research | Loom |
| 11:15 | Create | Villager (Male) |
| 11:29 | Build | Barracks |
| 11:30 | Build | Palisade Wall |
| 12:58 | Age | Feudal Age |
| 13:01 | Build | Stable |
| 13:08 | Build | Market |
| 13:28 | Build | House |
| 13:56 | Research | Castle Age |
| 13:58 | Build | House |
| 14:04 | Build | Palisade Gate |
| 14:06 | Build | Palisade Wall |
| 14:13 | Create | Scout Cavalry |
| 14:15 | Build | Palisade Wall |
| 14:24 | Build | Palisade Wall |
| 14:25 | Build | Palisade Wall |
| 14:30 | Create | Scout Cavalry |
| 14:52 | Create | Villager (Male) |
| 15:20 | Research | Double-Bit Axe |
| 16:08 | Create | Villager (Male) |
| 16:36 | Age | Castle Age |
| 16:38 | Build | Town Center |
| 16:44 | Build | Town Center |
| 16:54 | Create | Villager (Male) |
| 17:15 | Create | Villager (Male) |
| 17:33 | Create | Villager (Male) |
| 17:36 | Research | Horse Collar |
| 17:36 | Research | Horse Collar |
| 17:51 | Create | Villager (Male) |
| 18:00 | Research | Bow Saw |
| 18:14 | Create | Villager (Male) |
| 18:20 | Create | Villager (Male) |
| 18:36 | Build | Monastery |
| 18:41 | Create | Villager (Male) |
| 18:47 | Create | Villager (Male) |
| 18:55 | Create | Villager (Male) |
| 19:06 | Create | Villager (Male) |
| 19:09 | Build | Archery Range |
| 19:11 | Create | Villager (Male) |
| 19:23 | Create | Villager (Male) |
| 19:23 | Create | Monk |
| 19:32 | Create | Villager (Male) |
| 19:46 | Create | Villager (Male) |
| 19:54 | Build | House |
| 19:58 | Build | Farm |
| 20:01 | Build | Farm |
| 20:02 | Create | Villager (Male) |
| 20:07 | Build | House |
| 20:07 | Build | House |
| 20:08 | Create | Skirmisher |
| 20:15 | Create | Villager (Male) |
| 20:19 | Create | Villager (Male) |
| 20:21 | Build | House |
| 20:28 | Build | Farm |
| 20:29 | Build | Farm |
| 20:33 | Build | Farm |
| 20:34 | Create | Villager (Male) |
| 20:40 | Build | Farm |
| 20:44 | Create | Villager (Male) |
| 20:55 | Create | Villager (Male) |
| 21:01 | Create | Villager (Male) |
| 21:13 | Build | House |
| 21:14 | Build | House |
| 21:22 | Create | Villager (Male) |
| 21:29 | Build | House |
| 21:33 | Build | Town Center |
| 21:34 | Create | Villager (Male) |
| 21:35 | Create | Villager (Male) |
| 21:57 | Build | Monastery |
| 21:59 | Create | Villager (Male) |
| 22:04 | Create | Villager (Male) |
| 22:06 | Build | Blacksmith |
| 22:15 | Build | House |
| 22:16 | Create | Skirmisher |
| 22:22 | Build | Farm |
| 22:24 | Build | Farm |
| 22:25 | Create | Villager (Male) |
| 22:37 | Create | Villager (Male) |
| 22:48 | Create | Skirmisher |
| 22:50 | Build | House |
| 23:10 | Create | Villager (Male) |
| 23:14 | Create | Villager (Male) |
| 23:16 | Build | House |
| 23:19 | Research | Fletching |
| 23:21 | Build | Farm |
| 23:22 | Build | Farm |
| 23:22 | Build | Farm |
| 23:22 | Build | Farm |
| 23:22 | Build | Farm |
| 23:28 | Build | House |
| 23:34 | Create | Villager (Male) |
| 23:37 | Build | Farm |
| 23:39 | Build | Farm |
| 23:42 | Build | Farm |
| 23:47 | Create | Villager (Male) |
| 24:01 | Build | Castle |
| 24:05 | Create | Villager (Male) |
| 24:09 | Build | House |
| 24:15 | Research | Elite Skirmisher (upgrade) |
| 24:30 | Build | Monastery |
| 24:33 | Create | Villager (Male) |
| 24:37 | Build | House |
| 24:42 | Build | House |
| 24:42 | Create | Villager (Male) |
| 25:03 | Create | Villager (Male) |
| 25:10 | Build | Mill |
| 25:10 | Build | Farm |
| 25:11 | Build | Farm |
| 25:11 | Build | Farm |
| 25:11 | Build | Farm |
| 25:12 | Build | Farm |
| 25:20 | Research | Heavy Plow |
| 25:21 | Create | Villager (Male) |
| 25:25 | Build | Palisade Wall |
| 25:34 | Create | Villager (Male) |
Build order — Fs.Khronos
First 150 of 418 actions detected
| 0:09 | Build | Town Center |
| 2:19 | Build | House |
| 2:21 | Create | Villager (Male) |
| 2:22 | Create | Villager (Male) |
| 3:00 | Create | Villager (Male) |
| 3:14 | Create | Villager (Male) |
| 3:20 | Create | Villager (Male) |
| 3:49 | Create | Villager (Male) |
| 3:57 | Build | House |
| 4:51 | Create | Villager (Male) |
| 4:56 | Build | Settlement |
| 5:14 | Create | Villager (Male) |
| 5:20 | Build | House |
| 5:23 | Research | Loom |
| 5:23 | Create | Villager (Male) |
| 5:53 | Create | Villager (Male) |
| 5:53 | Create | Villager (Male) |
| 6:20 | Create | Villager (Male) |
| 6:55 | Create | Villager (Male) |
| 6:55 | Create | Villager (Male) |
| 7:22 | Build | House |
| 8:04 | Create | Villager (Male) |
| 8:40 | Create | Villager (Male) |
| 9:06 | Research | Feudal Age |
| 9:10 | Build | Barracks |
| 10:09 | Build | House |
| 10:10 | Create | Unit 2550 |
| 10:10 | Create | Unit 2550 |
| 10:22 | Create | Villager (Male) |
| 10:46 | Build | House |
| 10:48 | Build | Palisade Gate |
| 10:51 | Build | Palisade Wall |
| 10:53 | Build | Palisade Wall |
| 10:56 | Build | Palisade Wall |
| 10:59 | Build | Palisade Wall |
| 11:02 | Build | Palisade Wall |
| 11:10 | Create | Unit 2550 |
| 11:18 | Age | Feudal Age |
| 11:26 | Build | Blacksmith |
| 11:32 | Build | Palisade Wall |
| 11:41 | Research | Tech 1402 |
| 11:44 | Create | Villager (Male) |
| 11:57 | Create | Villager (Male) |
| 12:16 | Build | House |
| 12:17 | Build | House |
| 12:29 | Create | Villager (Male) |
| 12:58 | Create | Villager (Male) |
| 13:31 | Create | Villager (Male) |
| 13:53 | Build | Farm |
| 13:53 | Build | Farm |
| 13:59 | Build | Farm |
| 14:01 | Research | Forging |
| 14:13 | Build | Palisade Wall |
| 14:20 | Create | Villager (Male) |
| 14:25 | Build | Farm |
| 14:44 | Create | Villager (Male) |
| 14:46 | Build | Farm |
| 15:04 | Create | Villager (Male) |
| 15:09 | Build | Farm |
| 15:33 | Research | Double-Bit Axe |
| 15:33 | Research | Double-Bit Axe |
| 15:45 | Create | Spearman |
| 15:54 | Create | Villager (Male) |
| 15:57 | Build | Farm |
| 16:16 | Create | Villager (Male) |
| 17:07 | Create | Villager (Male) |
| 17:11 | Build | Farm |
| 17:15 | Build | Farm |
| 17:17 | Build | Farm |
| 17:20 | Build | Farm |
| 17:31 | Create | Villager (Male) |
| 17:35 | Create | Spearman |
| 17:40 | Create | Villager (Male) |
| 17:49 | Build | Farm |
| 18:13 | Create | Villager (Male) |
| 18:39 | Create | Villager (Male) |
| 18:43 | Build | Market |
| 18:56 | Create | Spearman |
| 19:13 | Create | Villager (Male) |
| 20:01 | Research | Castle Age |
| 20:42 | Research | Horse Collar |
| 21:50 | Create | Villager (Male) |
| 22:32 | Create | Villager (Male) |
| 22:41 | Age | Castle Age |
| 22:42 | Build | Castle |
| 22:45 | Research | Fletching |
| 22:46 | Research | Fletching |
| 22:47 | Research | Bow Saw |
| 22:52 | Build | Town Center |
| 23:11 | Research | Heavy Plow |
| 23:20 | Create | Villager (Male) |
| 23:46 | Create | Unit 2579 |
| 23:46 | Create | Unit 2579 |
| 23:49 | Create | Villager (Male) |
| 24:10 | Create | Villager (Male) |
| 24:15 | Create | Villager (Male) |
| 24:18 | Build | Farm |
| 24:18 | Build | Farm |
| 24:22 | Create | Unit 2579 |
| 24:22 | Create | Unit 2579 |
| 24:22 | Create | Unit 2579 |
| 24:31 | Create | Villager (Male) |
| 24:36 | Create | Villager (Male) |
| 24:38 | Create | Unit 2579 |
| 24:47 | Build | Farm |
| 24:51 | Build | Farm |
| 24:51 | Build | Farm |
| 25:00 | Build | Settlement |
| 25:02 | Create | Villager (Male) |
| 25:06 | Create | Villager (Male) |
| 25:07 | Create | Unit 2579 |
| 25:29 | Create | Unit 2579 |
| 25:43 | Research | Bodkin Arrow |
| 25:51 | Build | Farm |
| 25:53 | Build | Farm |
| 25:54 | Build | Farm |
| 25:57 | Build | Farm |
| 25:58 | Build | Farm |
| 26:05 | Create | Unit 2579 |
| 26:20 | Create | Villager (Male) ×2 |
| 26:22 | Create | Villager (Male) |
| 26:24 | Create | Unit 2579 |
| 26:24 | Create | Unit 2579 |
| 26:25 | Create | Unit 2579 |
| 26:25 | Create | Unit 2579 |
| 26:29 | Create | Villager (Male) |
| 26:46 | Research | Padded Archer Armor |
| 26:46 | Research | Padded Archer Armor |
| 27:01 | Create | Villager (Male) |
| 27:02 | Create | Villager (Male) |
| 27:31 | Create | Unit 2579 |
| 27:31 | Create | Unit 2579 |
| 27:32 | Create | Villager (Male) ×4 |
| 28:01 | Create | Unit 2579 |
| 28:03 | Build | University |
| 28:15 | Create | Villager (Male) ×5 |
| 28:16 | Create | Unit 2579 |
| 28:16 | Create | Unit 2579 |
| 28:31 | Build | House |
| 28:31 | Build | House |
| 28:32 | Build | House |
| 28:32 | Build | House |
| 28:32 | Build | House |
| 28:32 | Build | House |
| 28:53 | Create | Villager (Male) ×5 |
| 28:54 | Create | Unit 2579 |
| 29:22 | Research | Ballistics |
| 29:59 | Build | Town Center |
| 30:00 | Create | Villager (Male) ×5 |
| 30:02 | Research | Wheelbarrow |
Build order — [KMNB] Dedão
First 150 of 486 actions detected
| 0:17 | Build | Town Center |
| 1:11 | Build | House |
| 2:37 | Research | Loom |
| 2:38 | Create | Villager (Male) |
| 2:38 | Create | Villager (Male) |
| 2:38 | Create | Villager (Male) |
| 2:39 | Create | Villager (Male) |
| 3:16 | Build | House |
| 4:02 | Create | Villager (Male) |
| 4:02 | Create | Villager (Male) |
| 4:54 | Create | Villager (Male) |
| 4:54 | Create | Villager (Male) |
| 5:24 | Build | House |
| 5:30 | Create | Villager (Male) |
| 5:30 | Create | Villager (Male) |
| 5:38 | Build | Lumber Camp |
| 5:51 | Build | House |
| 6:06 | Create | Villager (Male) |
| 6:34 | Create | Villager (Male) |
| 6:34 | Create | Villager (Male) |
| 7:26 | Create | Villager (Male) |
| 8:01 | Create | Villager (Male) |
| 8:02 | Create | Villager (Male) |
| 8:05 | Build | House |
| 8:44 | Create | Villager (Male) |
| 8:44 | Create | Villager (Male) |
| 9:00 | Build | Mill |
| 9:31 | Build | Mining Camp |
| 9:35 | Create | Villager (Male) |
| 10:02 | Research | Feudal Age |
| 11:03 | Build | Barracks |
| 11:16 | Build | House |
| 11:52 | Create | Villager (Male) |
| 12:18 | Age | Feudal Age |
| 12:18 | Create | Villager (Male) |
| 12:22 | Build | Archery Range |
| 12:30 | Create | Spearman |
| 12:46 | Build | House |
| 12:54 | Create | Villager (Male) |
| 13:10 | Build | Archery Range |
| 13:18 | Build | House |
| 13:22 | Create | Villager (Male) |
| 13:25 | Create | Spearman |
| 13:31 | Create | Archer |
| 13:52 | Build | House |
| 13:55 | Create | Archer |
| 14:08 | Create | Archer |
| 14:14 | Create | Villager (Male) |
| 14:14 | Create | Villager (Male) |
| 14:19 | Create | Archer |
| 14:19 | Create | Archer |
| 14:42 | Create | Villager (Male) |
| 14:49 | Build | Blacksmith |
| 14:52 | Build | House |
| 14:56 | Create | Villager (Male) |
| 14:57 | Create | Archer |
| 14:57 | Create | Archer |
| 15:01 | Research | Double-Bit Axe |
| 15:15 | Create | Archer |
| 15:38 | Research | Fletching |
| 15:44 | Create | Villager (Male) |
| 15:48 | Create | Archer |
| 16:07 | Build | House |
| 16:12 | Build | Market |
| 16:14 | Create | Villager (Male) |
| 16:41 | Create | Villager (Male) |
| 17:03 | Create | Villager (Male) |
| 17:20 | Build | Watch Tower |
| 17:28 | Build | Palisade Gate |
| 17:31 | Create | Villager (Male) |
| 17:36 | Build | Mining Camp |
| 17:40 | Create | Archer |
| 17:41 | Create | Archer |
| 17:48 | Create | Archer |
| 17:53 | Build | House |
| 17:54 | Build | Palisade Wall |
| 18:06 | Create | Villager (Male) |
| 18:12 | Build | Palisade Wall |
| 18:20 | Create | Skirmisher |
| 18:20 | Create | Skirmisher |
| 18:23 | Create | Villager (Male) |
| 18:34 | Research | Padded Archer Armor |
| 19:11 | Build | House |
| 19:49 | Research | Wheelbarrow |
| 20:04 | Create | Archer |
| 20:45 | Create | Villager (Male) |
| 20:55 | Build | Watch Tower |
| 21:17 | Research | Castle Age |
| 21:26 | Create | Archer |
| 21:27 | Create | Archer |
| 21:30 | Build | Farm |
| 21:45 | Build | Farm |
| 21:48 | Build | Farm |
| 21:51 | Build | Farm |
| 21:53 | Create | Archer |
| 21:54 | Create | Archer |
| 22:06 | Build | Farm |
| 22:09 | Research | Horse Collar |
| 22:21 | Create | Archer |
| 22:24 | Create | Archer |
| 22:26 | Research | Gold Mining |
| 22:29 | Build | House |
| 22:37 | Build | Farm |
| 23:22 | Build | Watch Tower |
| 23:40 | Build | House |
| 23:47 | Build | Lumber Camp |
| 23:53 | Create | Villager (Male) |
| 23:54 | Create | Villager (Male) |
| 23:57 | Age | Castle Age |
| 24:02 | Research | Crossbowman (upgrade) |
| 24:24 | Research | Bodkin Arrow |
| 24:46 | Create | Villager (Male) |
| 24:51 | Build | Farm |
| 24:54 | Create | Archer |
| 24:54 | Create | Archer |
| 25:11 | Build | University |
| 25:14 | Create | Villager (Male) |
| 25:20 | Build | Farm |
| 25:25 | Create | Villager (Male) |
| 25:27 | Create | Archer |
| 25:27 | Create | Archer |
| 25:43 | Create | Villager (Male) |
| 25:45 | Build | Farm |
| 26:07 | Build | Town Center |
| 26:16 | Create | Villager (Male) |
| 26:20 | Research | Ballistics |
| 26:34 | Create | Villager (Male) |
| 26:38 | Create | Archer |
| 26:38 | Create | Archer |
| 27:18 | Create | Archer |
| 27:18 | Create | Archer |
| 27:22 | Create | Villager (Male) |
| 27:32 | Create | Villager (Male) |
| 27:32 | Create | Villager (Male) |
| 27:43 | Create | Villager (Male) |
| 27:55 | Research | Leather Archer Armor |
| 27:55 | Research | Leather Archer Armor |
| 27:57 | Build | Farm |
| 28:21 | Build | Farm |
| 28:23 | Research | Bow Saw |
| 28:26 | Create | Villager (Male) |
| 28:37 | Create | Archer |
| 28:37 | Create | Archer |
| 28:45 | Create | Villager (Male) |
| 29:04 | Build | Farm |
| 29:14 | Create | Villager (Male) |
| 29:14 | Create | Villager (Male) |
| 29:19 | Create | Villager (Male) |
| 29:21 | Build | Farm |
| 29:35 | Build | Farm |
Match timeline
| 9:10 | Fs.Khronos · first_building Barracks |
| 10:46 | [KMNB] Soldado Raso · first_building Barracks |
| 10:51 | Fs.Khronos · wall_segment Palisade Wall x2 |
| 10:53 | Fs.Khronos · wall_segment Palisade Wall x2 |
| 10:56 | Fs.Khronos · wall_segment Palisade Wall x3 |
| 10:59 | Fs.Khronos · wall_segment Palisade Wall x3 |
| 11:02 | Fs.Khronos · wall_segment Palisade Wall x2 |
| 11:03 | [KMNB] Dedão · first_building Barracks |
| 11:18 | Fs.Khronos · age_up feudal |
| 11:20 | [KMNB] Soldado Raso · wall_segment Palisade Wall x5 |
| 11:21 | [KMNB] Soldado Raso · wall_segment Palisade Wall x1 |
| 11:26 | [KMNB] Soldado Raso · wall_segment Palisade Wall x10 |
| 11:29 | FMG | Rxon · first_building Barracks |
| 11:30 | FMG | Rxon · wall_segment Palisade Wall x8 |
| 11:32 | Fs.Khronos · wall_segment Palisade Wall x5 |
| 12:18 | [KMNB] Dedão · age_up feudal |
| 12:22 | [KMNB] Dedão · first_building Archery Range |
| 12:28 | |FMG| TINCHO · age_up feudal |
| 12:29 | [KMNB] Soldado Raso · age_up feudal |
| 12:33 | [KMNB] Soldado Raso · first_building Stable |
| 12:38 | [KMNB] Soldado Raso · wall_segment Palisade Wall x1 |
| 12:58 | FMG | Rxon · age_up feudal |
| 13:01 | FMG | Rxon · first_building Stable |
| 13:12 | |FMG| twitch/JabsUY · age_up feudal |
| 14:06 | FMG | Rxon · wall_segment Palisade Wall x1 |
| 14:13 | Fs.Khronos · wall_segment Palisade Wall x1 |
| 14:15 | FMG | Rxon · wall_segment Palisade Wall x1 |
| 14:24 | FMG | Rxon · wall_segment Palisade Wall x1 |
| 14:25 | FMG | Rxon · wall_segment Palisade Wall x1 |
| 14:28 | |FMG| twitch/JabsUY · wall_segment Palisade Wall x1 |
| 14:52 | |FMG| TINCHO · wall_segment Palisade Wall x1 |
| 16:01 | |FMG| TINCHO · age_up castle |
| 16:05 | |FMG| TINCHO · first_building Castle |
| 16:12 | |FMG| TINCHO · wall_segment Palisade Wall x1 |
| 16:14 | |FMG| TINCHO · wall_segment Palisade Wall x1 |
| 16:15 | |FMG| TINCHO · wall_segment Palisade Wall x1 |
| 16:17 | |FMG| TINCHO · wall_segment Palisade Wall x1 |
| 16:20 | |FMG| twitch/JabsUY · wall_segment Palisade Wall x1 |
| 16:22 | |FMG| twitch/JabsUY · wall_segment Palisade Wall x1 |
| 16:24 | |FMG| twitch/JabsUY · wall_segment Palisade Wall x1 |
| 16:27 | |FMG| twitch/JabsUY · wall_segment Palisade Wall x1 |
| 16:31 | |FMG| TINCHO · wall_segment Palisade Wall x1 |
| 16:32 | |FMG| TINCHO · wall_segment Palisade Wall x1 |
| 16:35 | |FMG| TINCHO · wall_segment Palisade Wall x1 |
| 16:36 | FMG | Rxon · age_up castle |
| 16:36 | |FMG| TINCHO · wall_segment Palisade Wall x1 |
| 16:39 | |FMG| TINCHO · wall_segment Palisade Wall x1 |
| 16:48 | |FMG| twitch/JabsUY · first_building Barracks |
| 16:59 | |FMG| twitch/JabsUY · age_up castle |
| 17:54 | [KMNB] Dedão · wall_segment Palisade Wall x1 |
| 18:07 | |FMG| twitch/JabsUY · wall_segment Palisade Wall x1 |
| 18:08 | |FMG| twitch/JabsUY · wall_segment Palisade Wall x1 |
| 18:08 | |FMG| twitch/JabsUY · wall_segment Palisade Wall x1 |
| 18:12 | [KMNB] Dedão · wall_segment Palisade Wall x1 |
| 18:36 | FMG | Rxon · first_building Monastery |
| 19:09 | FMG | Rxon · first_building Archery Range |
| 19:36 | Fs.Khronos · first_market_buy 100 food |
| 20:56 | |FMG| twitch/JabsUY · first_market_buy 100 stone |
| 21:03 | [KMNB] Soldado Raso · first_market_sell 500 wood |
| 21:05 | [KMNB] Soldado Raso · first_market_buy 100 food |
| 21:15 | [KMNB] Dedão · first_market_sell 100 wood |
| 21:16 | [KMNB] Dedão · first_market_buy 100 food |
| 22:09 | |FMG| TINCHO · first_market_sell 100 stone |
| 22:10 | |FMG| TINCHO · first_market_buy 100 food |
| 22:32 | |FMG| TINCHO · wall_segment Palisade Wall x3 |
| 22:41 | Fs.Khronos · age_up castle |
| 22:42 | Fs.Khronos · first_building Castle |
| 23:53 | [KMNB] Soldado Raso · age_up castle |
| 23:57 | [KMNB] Dedão · age_up castle |
| 24:01 | FMG | Rxon · first_building Castle |
| 24:52 | |FMG| TINCHO · first_building Siege Workshop |
| 25:14 | |FMG| TINCHO · wall_segment Palisade Wall x1 |
| 25:15 | FMG | Rxon · first_market_buy 100 wood |
| 25:25 | FMG | Rxon · wall_segment Palisade Wall x4 |
| 26:02 | FMG | Rxon · wall_segment Palisade Wall x1 |
| 26:21 | FMG | Rxon · first_building Siege Workshop |
| 26:35 | |FMG| twitch/JabsUY · first_building Siege Workshop |
| 27:00 | FMG | Rxon · first_market_sell 100 wood |
| 27:31 | |FMG| twitch/JabsUY · first_building Castle |
| 29:01 | Fs.Khronos · first_market_sell 100 food |
| 32:11 | [KMNB] Soldado Raso · first_building Monastery |
| 32:28 | [KMNB] Dedão · first_building Castle |
| 33:53 | FMG | Rxon · wall_segment Palisade Wall x1 |
| 34:03 | |FMG| twitch/JabsUY · first_building Stable |
| 34:55 | [KMNB] Dedão · wall_segment Palisade Wall x1 |
| 34:58 | [KMNB] Dedão · wall_segment Palisade Wall x1 |
| 35:31 | Fs.Khronos · first_building Siege Workshop |
| 35:47 | [KMNB] Soldado Raso · first_building Castle |
| 36:16 | [KMNB] Dedão · first_building Monastery |
| 37:00 | [KMNB] Dedão · first_building Stable |
| 37:40 | Fs.Khronos · age_up imperial |
| 38:39 | FMG | Rxon · age_up imperial |
| 39:17 | [KMNB] Dedão · age_up imperial |
| 42:43 | [KMNB] Soldado Raso · age_up imperial |
| 43:26 | |FMG| twitch/JabsUY · age_up imperial |
| 43:59 | |FMG| twitch/JabsUY · first_market_sell 100 wood |
| 44:08 | |FMG| TINCHO · first_building Barracks |
| 45:15 | |FMG| twitch/JabsUY · first_building Archery Range |
| 45:33 | |FMG| TINCHO · age_up imperial |
| 45:42 | |FMG| TINCHO · first_building Stable |
| 49:34 | |FMG| TINCHO · wall_segment Stone Wall x1 |
| 49:35 | |FMG| TINCHO · wall_segment Stone Wall x1 |
| 49:45 | [KMNB] Dedão · tribute_sent a jugador 1 |
| 49:45 | [KMNB] Dedão · tribute_sent a jugador 2 |
| 49:45 | [KMNB] Dedão · tribute_sent a jugador 3 |
| 49:45 | [KMNB] Dedão · tribute_sent a jugador 4 |
| 49:45 | [KMNB] Dedão · tribute_sent a jugador 5 |
| 57:23 | Fs.Khronos · resign |
[ AI ANALYSIS · 1 CREDIT ]
What really happened in this match?
Wolo.gg analyzes every decision: build order, eco, micro, common mistakes by bracket. Personalized analysis on WhatsApp or Discord in 30 seconds.
Civ guide
Mongols
Perfil
Jugador #2583713